 Dungeon Crawl Stone Soup version 0.21.1-1-g345015f (webtiles) character file.

22 letownia2 the Conjurer (level 2, -6/15 HPs)
             Began as a Tengu Wizard on Mar 4, 2018.
             Mangled by an orc
             ... wielding a +0 war axe
              (9 damage)
             ... on level 3 of the Dungeon.
             The game lasted 00:02:32 (350 turns).

letownia2 the Conjurer (Tengu Wizard)                Turns: 350, Time: 00:02:33

Health: -6/15      AC:  2    Str:  7    XL:     2   Next: 91%
Magic:  0/7        EV: 12    Int: 18    God:
Gold:   24         SH:  0    Dex: 12    Spells: 4/7 levels left

rFire    . . .     SeeInvis +   e - +0 whip
rCold    . . .     Gourm    .   (no shield)
rNeg     . . .     Faith    .   a - +0 robe
rPois    .         Spirit   .   b - +0 hat
rElec    .         Reflect  .   (no cloak)
rCorr    .         Harm     .   (no gloves)
MR       .....                  (boots unavailable)
Stlth    ++........             (no amulet)
HPRegen  0.05/turn              l - ring of see invisible
MPRegen  0.10/turn              (no ring)

@: no status effects
A: beak, talons 3
a: no special abilities


You were on level 3 of the Dungeon.
You were not hungry.

You visited 1 branch of the dungeon, and saw 3 of its levels.

You collected 24 gold pieces.

Inventory:

Hand Weapons
 e - a +0 whip (weapon)
Missiles
 k - 4 tomahawks (quivered)
Armour
 a - a +0 robe (worn)
 b - a +0 hat (worn)
 m - a +0 pair of gloves
Jewellery
 l - a ring of see invisible (left hand)
Scrolls
 f - a scroll of enchant armour {unknown}
 g - a scroll of blinking {unknown}
 h - 3 scrolls of identify {unknown}
 i - a scroll of magic mapping {unknown}
 j - a scroll of fear {unknown}
 n - a scroll of enchant weapon {unknown}
Books
 c - a book of Minor Magic

   Spells                             Type                      Level
   a - Magic Dart                     Conjuration                  1
   b - Blink                          Translocation                2
   c - Call Imp                       Summoning                    2
   d - Slow                           Hexes                        2
   e - Conjure Flame                  Conjuration/Fire             3
   f - Mephitic Cloud                 Conjuration/Poison/Air       3
Comestibles
 d - 4 rations


   Skills:
 - Level 2.1 Dodging
 - Level 2.0 Stealth
 - Level 3.0 Spellcasting
 + Level 3.7 Conjurations
 - Level 1.2 Summonings
   Level 0.7 Translocations


You had 4 spell levels left.
You knew the following spells:

 Your Spells              Type           Power        Failure   Level  Hunger
a - Magic Dart            Conj           ###.         3%          1    None
i - Call Imp              Summ           #.......     16%         2    ##.....


Dungeon Overview and Level Annotations

Branches:
Dungeon (3/15)

Altars:
Xom

Annotations:
D:3 batai666's ghost, amateur SpEn


Innate Abilities, Weirdness & Mutations

You have a beak for a mouth.
You have claws for feet.


Message History

You kill the giant cockroach!
Casting: Magic Dart
Confirm with . or Enter, or press ? or * to list all spells.
Aiming: Magic Dart
Press: ? - help, Shift-Dir - straight line, f/p - orc
Aim: an orc, wielding a war axe and wearing a leather armour (heavily wounded)
The magic dart hits the orc.
The orc is heavily wounded.
The orc hits you with a war axe.
* * * LOW HITPOINT WARNING * * *
Unknown command.
Unknown command.
You hit the orc. Your kick misses the orc. You peck the orc, but do no damage.
The orc is severely wounded.
The orc barely misses you.
You hit the orc but do no damage.
The orc is severely wounded.
The orc hits you with a war axe!
Ouch! That really hurt!
You die...

#.# ### ### #.# !.#
#.. .. #.# # #.###.#
# ##. #.#
#.##.#.####.### #.W
#.# #.##...........
#..
#.######.#)#....†...#
###..
#.......###...†###%.#
.....
########.#.###o# #
#.. ##.##.?@# #..
#.##.#.# #.# #.#.#..#
#..###.# #.# ##. ##.
. # # # #


You could see an orc.

Vanquished Creatures
  5 bats
  A giant cockroach (D:3)
  A goblin (D:2)
  4 hobgoblins
  5 kobolds
  2 ball pythons
  3 frilled lizards
  A rat (D:3)
22 creatures vanquished.

Notes
Turn   | Place    | Note
-------+----------+-------------------------------------------
     0 | D:1      | letownia2 the Tengu Wizard began the quest for the Orb.
     0 | D:1      | Reached XP level 1. HP: 10/10 MP: 5/5
    86 | D:2      | Reached XP level 2. HP: 15/15 MP: 0/7
    93 | D:2      | Learned a level 2 spell: Call Imp
   105 | D:1      | Found a shimmering altar of Xom.
   232 | D:3      | Noticed batai666's ghost (amateur SpEn)
   350 | D:3      | Mangled by an orc

Skill      XL: |  1  2 |
---------------+-------+-----
Conjurations   | 2 3 |  3.7
Dodging        | |  2.1
Stealth        | |  2.0
Spellcasting   | |  3.0
Summonings     | |  1.2
Translocations | |  0.7

Action                   || total
-------------------------++-------
Melee: Whip              ||    16
       Kick              ||     4
       Peck              ||     3
 Cast: Magic Dart        ||    35
Armor: Robe              ||    11
Dodge: Dodged            ||    16
